Map: Prion Terraces

Players

uThermal

  • Race: Terran Terran
  • League: Grandmaster

PtitDrogo - Winner!

  • Race: Protoss Protoss
  • League: Master

Event: DreamHack ZOWIE Open Leipzig

VOD

https://www.youtube.com/watch?v=3yE9QQRzbvQ

Description

Time

  • Played on: Jan. 23, 2016, 3:15 p.m.
  • Length: 11:22

All games in this series

Show
View Real Time Build Order
Export as new Build Order

uThermal Terran 

Build Orders: Liberator Opening, Bio Tank 

Get SALT Encoding   

  12  0:01  SCV  
  13  0:13  SCV  
  14  0:17  Supply Depot  
  14  0:25  SCV  
  15  0:39  SCV  
  15  0:40  Barracks  
  16  0:44  Refinery  
  16  0:51  SCV  
  17  1:03  SCV  
  18  1:15  SCV  
  19  1:27  Orbital Command  
  19  1:30  Barracks Reactor  
  19  1:42  Command Center  
  19  1:54  SCV  
  20  2:02  Supply Depot  
  20  2:06  Marine x2  
  22  2:12  Factory  
  22  2:14  SCV  
  23  2:24  Refinery, Marine x2  
  23  2:27  SCV  
  26  2:39  SCV  
  26  2:42  Marine x2  
  28  2:51  SCV  
  29  2:55  Orbital Command  
  29  2:57  Starport  
  29  2:59  Factory Tech Lab  
  29  3:02  Marine  
  29  3:05  Marine  
  30  3:09  SCV  
  32  3:19  Cyclone  
  35  3:21  Marine  
  35  3:23  Marine  
  37  3:28  Engineering Bay  
  37  3:31  SCV  
  38  3:35  SCV  
  38  3:39  Marine  
  38  3:41  Marine  
  40  3:44  Supply Depot  
  41  3:54  Liberator  
  44  3:57  Marine  
  46  4:03  SCV  
  46  4:06  SCV  
  42  4:15  SCV  
  44  4:21  Command Center  
  41  4:25  SCV  
  41  4:27  SCV  
  43  4:32  Missile Turret  
  43  4:37  SCV  
  44  4:39  SCV  
  44  4:40  Missile Turret  
  45  4:46  Siege Tank  
  45  4:49  SCV  
  45  4:52  SCV  
  50  4:56  Supply Depot  
  50  4:58  Marine x2  
  51  5:01  SCV  
  51  5:04  SCV  
  53  5:13  SCV  
  54  5:17  Marine  
  54  5:21  Barracks  
  55  5:22  Barracks  
  55  5:23  Siege Tank  
  55  5:25  Marine  
  59  5:35  SCV, Marine  
  59  5:41  SCV  
  55  5:43  Marine  
  49  5:53  Marine  
  49  5:54  Orbital Command  
  48  5:59  SCV x2  
  48  6:01  Siege Tank, Marine  
  54  6:08  Barracks, Starport Reactor  
  54  6:09  Barracks  
  54  6:10  Marine  
  54  6:11  SCV x2  
  57  6:20  Refinery x2, Orbital Command  
  57  6:22  Marine  
  57  6:23  SCV x2  
  60  6:29  Barracks Tech Lab  
  60  6:30  Barracks Tech Lab  
  60  6:31  Terran Infantry Weapons Level 1  
  57  6:34  Marine  
  57  6:35  SCV  
  57  6:39  SCV  
  60  6:46  SCV  
  61  6:47  SCV  
  61  6:48  Marine  
  61  6:51  SCV  
  62  6:54  Stimpack  
  62  6:55  Combat Shields  
  62  6:58  SCV  
  62  7:01  Barracks Reactor  
  62  7:02  Barracks Reactor, SCV  
  62  7:03  SCV  
  63  7:11  Bunker x2  
  63  7:12  Supply Depot  
  63  7:14  Supply Depot  
  63  7:17  Marine  
  63  7:18  Marine x3  
  63  7:23  Supply Depot  
  63  7:24  Supply Depot  
  63  7:26  Supply Depot  
  63  7:27  Siege Tank  
  63  7:28  SCV  
  66  7:34  SCV  
  66  7:35  Marine  
  66  7:36  Marine x3  
  71  7:41  Marine x2  
  71  7:44  Marine x2  
  73  7:45  Medivac x2  
  73  7:47  SCV x2  
  81  7:52  Marine  
  81  7:54  Marine x3  
  81  7:56  Supply Depot  
  85  7:58  Supply Depot  
  85  7:59  SCV x2, Siege Tank, Marine  
  85  8:00  Marine  
  85  8:02  Marine  
  93  8:08  Marine  
  93  8:09  Supply Depot  
  93  8:10  Marine  
  93  8:11  Marine  
  96  8:15  Medivac x2  
  100  8:22  SCV x3  
  100  8:24  Marine x2  
  100  8:26  Marine  
  105  8:32  Siege Tank, Marine x3  
  105  8:33  Marine  
  111  8:34  SCV x2, Marine  
  114  8:42  Marine x2  
  114  8:44  Marine  
  114  8:47  SCV x2  
  117  8:49  Marine  
  117  8:50  Marine x3  
  117  8:52  Marine  
  122  8:57  Medivac  
  122  8:59  SCV x2  
  122  9:00  Marine x2  
  122  9:02  Marine, Medivac  
  130  9:04  Siege Tank  
  130  9:07  Marine x2  
  130  9:08  Marine x2  
  137  9:10  Marine  
  131  9:17  Supply Depot  
  131  9:18  Marine  
  131  9:19  Supply Depot  
  131  9:20  SCV x2  
  131  9:22  Marine x2  
  131  9:25  Marine  
  131  9:28  Medivac  
  131  9:31  Medivac  
  131  9:36  Siege Tank  
  136  9:38  Marine  
  136  9:39  Marine  
  136  9:41  Marine  
  136  9:42  Marine  
  136  9:43  Marine  
  136  9:44  Marine  
  142  9:47  Marine x2  
  144  9:56  Marine x2  
  144  9:58  Marine, Medivac  
  144  9:59  Marine  
  149  10:01  Medivac, Marine  
  149  10:02  Supply Depot  
  149  10:03  Marine  
  149  10:04  Supply Depot  
  149  10:05  Marine x2  
  155  10:14  Marine x2  
  155  10:17  Marine  
  157  10:23  Siege Tank, Marine x5  
  157  10:24  Supply Depot  
  157  10:26  Supply Depot  
  165  10:32  Marine x2  
  165  10:35  Marine  
  168  10:36  Supply Depot, Medivac  
  168  10:40  Medivac  
  170  10:44  Marine x2  
  170  10:47  Marine  
  173  10:52  Marine x3  
  177  11:02  Marine x2  
  177  11:03  Marine  
Show
View Real Time Build Order
Export as new Build Order

PtitDrogo Protoss - Winner!

Build Orders: 1 Gate Expand, Oracle Opening 

Get SALT Encoding   

  12  0:01  Probe (Chrono Boost)  
  13  0:11  Probe (Chrono Boost)  
  14  0:18  Pylon  
  14  0:22  Probe (Chrono Boost)  
  15  0:36  Gateway  
  15  0:37  Probe (Chrono Boost)  
  15  0:41  Assimilator  
  16  0:47  Probe (Chrono Boost)  
  17  0:58  Probe (Chrono Boost)  
  18  1:08  Probe (Chrono Boost)  
  19  1:19  Nexus  
  19  1:23  Probe (Chrono Boost)  
  20  1:35  Cybernetics Core  
  20  1:36  Probe (Chrono Boost)  
  21  1:40  Assimilator  
  22  1:47  Probe (Chrono Boost)  
  22  1:52  Pylon  
  22  1:58  Probe (Chrono Boost)  
  23  2:10  Probe (Chrono Boost)  
  23  2:11  Adept (Chrono Boost), Warp Gate (Chrono Boost)  
  26  2:22  Probe  
  27  2:30  Probe  
  27  2:31  Stargate  
  27  2:34  Probe (Chrono Boost)  
  27  2:35  Adept (Chrono Boost)  
  31  2:42  Probe (Chrono Boost)  
  32  2:46  Probe (Chrono Boost)  
  33  2:53  Probe (Chrono Boost)  
  33  2:56  Probe (Chrono Boost)  
  35  3:03  Probe (Chrono Boost)  
  36  3:07  Probe (Chrono Boost)  
  37  3:13  Probe (Chrono Boost), Pylon  
  37  3:14  Oracle (Chrono Boost)  
  37  3:17  Probe  
  42  3:22  Mothership Core  
  44  3:30  Probe  
  44  3:32  Nexus  
  45  3:42  Probe  
  45  3:46  Oracle (Chrono Boost)  
  45  3:47  Nexus  
  45  3:48  Pylon  
  46  3:51  Probe  
  50  3:57  Probe  
  51  4:12  Probe  
  51  4:16  Probe  
  53  4:19  Assimilator  
  53  4:21  Assimilator  
  53  4:23  Gateway, Adept  
  53  4:24  Gateway  
  55  4:25  Probe  
  55  4:28  Probe  
  55  4:29  Robotics Facility  
  57  4:33  Pylon  
  57  4:37  Probe (Chrono Boost)  
  58  4:41  Oracle  
  58  4:42  Probe (Chrono Boost)  
  59  4:51  Probe (Chrono Boost)  
  63  4:53  Pylon  
  63  4:54  Probe (Chrono Boost)  
  64  5:00  Probe (Chrono Boost)  
  64  5:02  Probe (Chrono Boost)  
  64  5:06  Twilight Council, Probe (Chrono Boost)  
  67  5:08  Pylon  
  67  5:11  Probe (Chrono Boost)  
  67  5:12  Probe (Chrono Boost)  
  67  5:14  Phoenix  
  69  5:16  Assimilator  
  69  5:17  Assimilator  
  69  5:18  Probe (Chrono Boost)  
  73  5:21  Probe (Chrono Boost)  
  73  5:23  Probe (Chrono Boost)  
  74  5:29  Adept  
  74  5:31  Probe (Chrono Boost)  
  74  5:32  Probe (Chrono Boost)  
  74  5:33  Probe (Chrono Boost)  
  77  5:35  Phoenix  
  77  5:39  Gateway  
  77  5:41  Gateway  
  69  5:52  Probe (Chrono Boost)  
  69  5:53  Resonating Glaives (Chrono Boost)  
  69  5:56  Observer (Chrono Boost)  
  67  5:58  Probe (Chrono Boost)  
  67  6:00  Probe, Phoenix  
  72  6:08  Adept x3  
  78  6:13  Gateway  
  78  6:14  Gateway  
  78  6:19  Gateway x2  
  78  6:22  Immortal  
  78  6:24  Robotics Bay  
  82  6:29  Adept  
  82  6:30  Adept x2  
  88  6:33  Pylon  
  88  6:34  Phoenix (Chrono Boost)  
  88  6:35  Pylon  
  88  6:37  Pylon  
  90  6:40  Pylon  
  90  6:45  Pylon  
  90  6:48  Adept x2  
  94  6:57  Adept x3  
  94  7:00  Warp Prism  
  102  7:06  Probe  
  103  7:11  Robotics Facility  
  103  7:13  Pylon  
  103  7:21  Sentry, Zealot x2  
  103  7:22  Zealot x2  
  112  7:32  Gateway  
  112  7:33  Blink  
  112  7:34  Pylon  
  112  7:37  Phoenix (Chrono Boost)  
  112  7:41  Extended Thermal Lance (Chrono Boost)  
  114  7:44  Colossus (Chrono Boost)  
  120  7:51  Pylon  
  120  7:58  Colossus (Chrono Boost), Nexus  
  120  8:00  Pylon  
  120  8:01  Phoenix  
  128  8:05  Forge  
  128  8:07  Adept  
  128  8:08  Adept  
  128  8:09  Adept  
  134  8:21  Stalker x2  
  138  8:31  Colossus (Chrono Boost)  
  144  8:34  Zealot  
  144  8:35  Zealot  
  144  8:40  Colossus (Chrono Boost)  
  154  8:49  Protoss Ground Armor Level 1 (Chrono Boost)  
  154  8:50  Stalker x2  
  158  9:14  Assimilator  
  158  9:16  Assimilator  
  158  9:20  Colossus (Chrono Boost)  
  162  9:29  Colossus (Chrono Boost)  
  162  9:32  Stalker x3, Charge  
  162  9:33  Stalker x4  
  182  9:51  Stalker x2  
  186  9:53  Pylon  
  186  9:55  Pylon  
  186  10:03  Pylon  
  186  10:05  Gateway, Pylon  
  186  10:08  Gateway  
  186  10:09  Gateway  
  186  10:12  Templar Archives  
  186  10:18  Gateway  
  186  10:28  Dark Shrine  
  186  10:29  Pylon  
  180  11:06  Zealot x6  
  180  11:07  Zealot x4  
  166  11:19  Stalker  

Tags
 
Add a new tag
Caveats
  • Supply blocks, unpowered buildings, or Contaminate may cause inaccurate times.
  • Supply counts are checked every 10 seconds.